 Dungeon Crawl Stone Soup version 0.29.1-2-gbd0b4ee654 (console) character file.

Game seed: 13365738978957455720

916 om the Ruffian (level 7, -4/67 HPs)
             Began as a Troll Fighter on Oct 25, 2022.
             Was an Initiate of Gozag.
             Slain by an orc
             ... wielding a +2 flail of venom
              (10 damage)
             ... on level 5 of the Dungeon.
             The game lasted 00:04:51 (3077 turns).

om the Ruffian (Troll Fighter)                      Turns: 3077, Time: 00:04:52

Health: -4/67      AC:  5    Str: 27    XL:     7   Next: 83%
Magic:  6/6        EV:  9    Int:  4    God:    Gozag
Gold:   350        SH:  7    Dex:  9    Spells: 6/6 levels left

rFire   . . .      SeeInvis +     - Unarmed
rCold   . . .      Faith    .   b - +0 kite shield
rNeg    . . .      Spirit   .   a - +0 robe
rPois   .          Reflect  .   i - +1 hat
rElec   .          Harm     .   (no cloak)
rCorr   .          Rampage  .   (gloves unavailable)
Will    .....                   (boots unavailable)
Stlth   +.........              (no amulet)
HPRegen 1.01/turn               k - ring of see invisible
MPRegen 0.10/turn               (no ring)

@: mighty, lethally poisoned (-4 -> -10)
A: large, unfitting armour, claws 3, regeneration 1, shaggy fur 1, tough skin 1
a: Renounce Religion, Potion Petition, Call Merchant, Bribe Branch


You were on level 5 of the Dungeon.
You worshipped Gozag.
Gozag was aware of your devotion.
You visited 2 branches of the dungeon, and saw 6 of its levels.

You collected 376 gold pieces.
You paid 26 gold pieces to Gozag.

Inventory:

Hand Weapons
 f - a +3 dagger of flaming
Armour
 a - a +0 robe (worn)
 b - a +0 kite shield (worn)
 i - a +1 hat (worn)
Jewellery
 k - a ring of see invisible (left claw)
Scrolls
 d - 4 scrolls of fog
Potions
 e - a potion of haste {unknown}
 g - a potion of curing
 h - a potion of ambrosia {unknown}
 j - a potion of cancellation {unknown}


   Skills:
 - Level 3.0 Fighting
 * Level 5.0 Dodging
 + Level 1.2 Stealth
 + Level 3.8 Shields
 - Level 6.0 Unarmed Combat


You had 6 spell levels left.
You didn't know any spells.
Your spell library contained the following spells:

 Spells                   Type           Power      Damage    Failure   Level
 Magic Dart               Conj           0%         1d3       80%         1
 Searing Ray              Conj           0%         2d4       90%         2
 Fulminant Prism          Conj/Hex       0%         3d6       100%        4


Dungeon Overview and Level Annotations

Branches:
Dungeon (5/15)             Temple (1/1) D:4

Altars:
Dithmenos
Elyvilon
Gozag
Qazlal
Xom


Innate Abilities, Weirdness & Mutations

You are too large for most types of armour.
You have claws for hands.
Your natural rate of healing is unusually fast.
You are covered in fur. (AC +1)
You have tough skin. (AC +1)


Message History

You miss the adder.
The adder is severely wounded.
You feel sick. You block the adder's attack. You block the orc's attack.
The orc hits you with a +2 flail of venom.
The orc wizard completely misses you.
You closely miss the adder.
The adder is severely wounded.
You feel sick. The adder barely misses you. You block the orc's attack.
The orc wizard completely misses you.
The orc hits you from afar with a +0 trident.
The orc misses you.
You closely miss the adder.
The adder is severely wounded.
You feel sick. The adder bites you. The orc hits you with a +0 whip.
The orc misses you. The orc wizard barely misses you.
You block the orc's attack. The adder closely misses you.
You scratch the orc wizard.
The orc wizard is moderately wounded.
You feel sick. You block the adder's attack.
The orc hits you with a +0 whip. x2
The orc hits you from afar with a +0 trident.
You block the orc's attack. The orc wizard closely misses you.
You are too injured to fight recklessly!
You feel better. The adder closely misses you. You block the orc's attack.
The orc hits you from afar with a +0 trident.
The orc hits you with a +0 whip.
The orc hits you with a +2 flail of venom!
You are poisoned.
The orc wizard points at you and mumbles some strange words.
The puff of flame hits you.
* * * LOW HITPOINT WARNING * * *
You feel very mighty all of a sudden.
You feel very sick. The adder barely misses you. You block the orc's attack. x2
The orc wizard gestures at you while chanting.
The magic dart hits you!
* * * LOW HITPOINT WARNING * * *
The orc hits you but does no damage.
The orc hits you with a +2 flail of venom!
You die...
Your body crumbles into a pile of gold.

...............##
.....................#
#...................##
#........#....<.....#
#......#............#
##.....##.#.#........#
.#......####..#...#.....
.....!o..##..##...##....
.....oS@.$...##....(..[.
......ooo...............
......l..............#..
....................##
....>...........##.##
...............##
...##..........# ##.
##..........


You could see an iguana, an orc wizard, an adder and 4 orcs.

Vanquished Creatures
  Grinder (D:3)
  Sigmund (D:3)
  A black bear (D:4)
  2 ogres
  An orc priest (D:5)
  An iguana (D:4)
  Jessica (D:3)
  Terence (D:2)
  Robin (D:4)
  4 adders
  A shadow imp (D:5)
  2 worms
  4 dart slugs
  8 orcs
  3 bats
  7 endoplasms
  5 giant cockroaches
  15 goblins
  9 hobgoblins
  8 jackals
  5 quokkas
  9 ball pythons
  3 frilled lizards
  8 kobolds
  4 rats
105 creatures vanquished.

Vanquished Creatures (others)
  An iguana (D:3)
  An orc (D:3)
  An endoplasm (D:3)
  A goblin (D:3)
  3 rats (D:3)
7 creatures vanquished.

Grand Total: 112 creatures vanquished

Notes
Turn   | Place    | Note
-------+----------+-------------------------------------------
     0 | D:1      | om the Troll Fighter began the quest for the Orb.
     0 | D:1      | Reached XP level 1. HP: 22/22 MP: 0/0
    74 | D:1      | Reached XP level 2. HP: 29/29 MP: 1/1
   281 | D:1      | Reached XP level 3. HP: 36/36 MP: 2/2
   818 | D:2      | Reached skill level 3 in Unarmed Combat
   864 | D:2      | Reached XP level 4. HP: 44/44 MP: 3/3
   947 | D:2      | Noticed Terence
   957 | D:2      | Killed Terence
  1651 | D:3      | Noticed Grinder
  1659 | D:3      | Paralysed by Grinder for 3 turns
  1666 | D:3      | Paralysed by Grinder for 2 turns
  1673 | D:3      | Killed Grinder
  1674 | D:3      | Reached skill level 4 in Unarmed Combat
  1674 | D:3      | Reached XP level 5. HP: 45/53 MP: 4/4
  1674 | D:3      | Reached XP level 6. HP: 51/61 MP: 5/5
  1725 | D:3      | Found a shimmering altar of Xom.
  1919 | D:3      | Noticed Sigmund
  1924 | D:3      | Killed Sigmund
  1925 | D:3      | Reached skill level 5 in Unarmed Combat
  1934 | D:3      | Found an opulent altar of Gozag.
  1937 | D:3      | Found a shadowy altar of Dithmenos.
  1942 | D:3      | Became a worshipper of Gozag Ym Sagoz the Greedy
  2091 | D:3      | Noticed Jessica
  2096 | D:3      | Killed Jessica
  2097 | D:3      | Reached XP level 7. HP: 67/67 MP: 6/6
  2246 | D:4      | Found a stormy altar of Qazlal.
  2280 | D:4      | Reached skill level 6 in Unarmed Combat
  2354 | D:4      | Found a staircase to the Ecumenical Temple.
  2379 | D:4      | Noticed Robin
  2392 | Temple   | Entered the Ecumenical Temple
  2395 | Temple   | Reached skill level 1 in Stealth
  2539 | D:4      | Killed Robin
  2644 | D:4      | Found a white marble altar of Elyvilon.
  3019 | D:5      | Entered Level 5 of the Dungeon
  3025 | D:5      | Reached skill level 5 in Dodging
  3077 | D:5      | Slain by an orc

Illustrated notes

Levels and vault maps discovered:
D:1:      amcnicky_arrival_flooded_fountain, layout_loops_ring
D:2:      layout_basic, chequers_big_river, uniq_terence
D:3:      layout_loops_ring, xom_confusion_cloud, grunt_temple_overflow_open,
          uniq_sigmund, uniq_grinder, uniq_jessica
D:4:      layout_cave_pools, grunt_qazlal_clouds,
          nicolae_elyvilon_peaceful_grove, temple_green, uniq_robin
D:5:      layout_cave_pools, serial_shops, nicolae_shop_stone,
          nicolae_fountain_basement
Temple:   oiseaux_autumnal_temple

Skill      XL: |  1  2  3  4  5  6  7 |
---------------+----------------------+-----
Dodging        | 3 4 5 |  5.0
Unarmed Combat | 3 4 5 6 |  6.0
Fighting       | 3 |  3.0
Shields        | 3 |  3.8
Stealth        | 1 |  1.2

Action                   |  1- 3 |  4- 6 |  7- 9 || total
-------------------------+-------+-------+-------++-------
Melee: Unarmed           |   120 |    85 |    81 ||   286
  Use: Scroll            |     1 |     1 |     5 ||     7
       Potion            |       |     1 |     2 ||     3
 Stab: Sleeping          |       |     3 |       ||     3
Armor: Robe              |    44 |    28 |    40 ||   112
Dodge: Dodged            |    37 |    18 |    50 ||   105
Block: Kite shield       |    37 |    21 |    48 ||   106
